 Seeded DCSS version 0.30.1-4-g462c640d31 (webtiles) character file.

Game seed: 7901399950925840928 (custom seed)

12922 GigaChad the Severer (level 11, -9/100 HPs)
             Began as a Minotaur Fighter on Aug 17, 2023.
             Was a Priest of the Shining One.
             Mangled by a 16-headed hydra (12 damage)
             ... on level 2 of the Lair of Beasts on Aug 19, 2023.
             The game lasted 00:24:42 (9527 turns).

GigaChad the Severer (Minotaur Fighter)             Turns: 9527, Time: 00:24:43

Health: -9/100     AC: 28    Str: 25    XL:     11   Next: 68%
Magic:  10/10      EV:  5    Int: 11    God:    the Shining One [***...]
Gold:   682        SH:  5    Dex: 10    Spells: 10/10 levels left

rFire   . . .        a - +4 war axe
rCold   . . .        c - +0 buckler
rNeg    + . .        o - +1 crystal plate armour
rPois   .            (helmet restricted)
rElec   .            F - +1 cloak
rCorr   .            R - +2 pair of gloves
SInv    +            (no boots)
Will    .....        p - amulet of regeneration Stlth
                     r - +6 ring of intelligence
HPRegen 1.16/turn    L - ring of see invisible
MPRegen 0.12/turn

%: no passive effects
@: about to teleport, glowing
A: horns 2, retaliatory headbutt
a: Renounce Religion, Divine Shield, Cleansing Flame


You were on level 2 of the Lair of Beasts.
You worshipped the Shining One.
The Shining One was most pleased with you.
You visited 3 branches of the dungeon, and saw 12 of its levels.

You collected 682 gold pieces.

Inventory:

Hand Weapons
 a - a +4 war axe (weapon)
 v - the +5 dagger of Zin {freeze, *Slow Str+3 Dex+3}
   (You found it on level 6 of the Dungeon)

   Str:       It affects your strength (+3).
   Dex:       It affects your dexterity (+3).
   *Slow:     It may slow you when you take damage.
 z - a +2 flail of protection
 H - the +3 morningstar of the Ancients {speed, Fly}
   (You found it on level 7 of the Dungeon)

   Fly:       It grants you flight.
Armour
 b - a +0 scale mail
 c - a +0 buckler (worn)
 n - a +0 chain mail
 o - a +1 crystal plate armour (worn)
 F - a +1 cloak (worn)
 J - +0 steam dragon scales
 R - a +2 pair of gloves (worn)
Jewellery
 p - an amulet of regeneration (around neck)
 r - a +6 ring of intelligence (left hand)
 D - an amulet of reflection
 G - a ring of protection from fire
 L - a ring of see invisible (right hand)
 N - a ring of wizardry
Wands
 t - a wand of mindburst (16)
 y - a wand of roots (13)
 A - a wand of digging (4)
 P - a wand of charming (11)
Scrolls
 h - a scroll of teleportation
 k - 3 scrolls of fog
 m - 3 scrolls of noise
 s - a scroll of immolation
 x - a scroll of poison
 B - 4 scrolls of amnesia
 C - 4 scrolls of identify
 O - a scroll of vulnerability {unknown}
Potions
 d - 3 potions of might
 e - 5 potions of curing
 f - 2 potions of heal wounds {unknown}
 g - 3 potions of brilliance {unknown}
 i - 2 potions of resistance
 j - a potion of mutation {unknown}
 l - 3 potions of cancellation
 q - 2 potions of degeneration {unknown}
 u - a potion of haste {unknown}
 w - a potion of flight {unknown}
 E - a potion of attraction {unknown}
 I - a potion of ambrosia {unknown}
 K - a potion of magic {unknown}
 M - a potion of invisibility {unknown}
 Q - 2 potions of berserk rage


   Skills:
 * Level 10.3 Fighting
 * Level 15.3 Axes
 * Level 11.7 Armour
 * Level 8.6 Shields


You had 10 spell levels left.
You didn't know any spells.
Your spell library contained the following spells:

 Spells                   Type           Power      Damage    Failure   Level
 Apportation              Tloc           0%         N/A       100%        1
 Necrotise                Necr           0%         1d4       100%        1
 Summon Small Mammal      Summ           0%         N/A       100%        1
 Lesser Beckoning         Tloc           0%         N/A       100%        2
 Gell's Gravitas          Tloc           0%         N/A       100%        3
 Teleport Other           Tloc           0%         N/A       100%        3
 Tukima's Dance           Hex            0%         N/A       100%        3
 Vhi's Electric Charge    Tloc/Air       0%         N/A       100%        3
 Passage of Golubria      Tloc           0%         N/A       100%        4
 Alistair's Intoxication  Tmut/Pois      0%         N/A       100%        5
 Arcjolt                  Conj/Air       0%         1d10      100%        5
 Silence                  Hex/Air        0%         N/A       100%        5
 Summon Forest            Summ/Tloc      0%         N/A       100%        5
 Summon Mana Viper        Hex/Summ       0%         N/A       100%        5
 Yara's Violent Unravell  Hex/Tmut       0%         3d3       100%        5
 Dispersal                Tloc           0%         N/A       100%        6
 Summon Cactus Giant      Summ           0%         N/A       100%        6
 Lehudib's Crystal Spear  Conj/Erth      0%         10d2      100%        8
 Maxwell's Capacitive Co  Air            0%         ∞         100%        8


Dungeon Overview and Level Annotations

Branches:
Dungeon (9/15)             Temple (1/1) D:6            Lair (2/5) D:9
    Orc (0/2) D:9
  Swamp: Lair:2-3    Shoals: Lair:2-3     Snake: Lair:2-3    Spider: Lair:2-3

Altars:
Ashenzari
Cheibriados
Dithmenos
Elyvilon
Fedhas
Gozag
Hepliaklqana
Kikubaaqudgha
Makhleb
Nemelex Xobeh
Okawaru
Qazlal
Ru
Sif Muna
Trog
Uskayaw
Vehumet
Wu Jian
Xom
Zin
The Shining One

Shops:
D:6 :   D:9 :


Innate Abilities, Weirdness & Mutations

You have a pair of horns on your head.
You reflexively headbutt those who attack you in melee.


Message History

The 14-headed hydra bites you but does no damage.
The 14-headed hydra barely misses you.
The 14-headed hydra bites you but does no damage.
You block the 14-headed hydra's attack.
The 14-headed hydra bites you but does no damage. x3
The steam dragon barely misses you. You furiously retaliate!
You headbutt the steam dragon.
The steam dragon claws you but does no damage.
Unknown command.
Unknown command.
You chop one of the 14-headed hydra's heads off!
The 13-headed hydra grows two more!
You slice the 15-headed hydra!! You headbutt the 15-headed hydra.
The 15-headed hydra is moderately wounded.
You slash the steam dragon!
The 15-headed hydra bites you but does no damage. x2
The 15-headed hydra bites you!
* * * LOW HITPOINT WARNING * * *
The 15-headed hydra barely misses you.
The 15-headed hydra bites you but does no damage. x3
The 15-headed hydra barely misses you.
You block the 15-headed hydra's attack. x2
The 15-headed hydra bites you but does no damage. x2
You block the 15-headed hydra's attack.
The 15-headed hydra bites you but does no damage. x2
The steam dragon barely misses you. You furiously retaliate!
You headbutt the steam dragon! The steam dragon barely misses you.
You lop one of the 15-headed hydra's heads off!
The 14-headed hydra grows two more!
You hit the 16-headed hydra.
The 16-headed hydra is moderately wounded.
You completely miss the steam dragon.
The 16-headed hydra bites you but does no damage. x2
The 16-headed hydra barely misses you. x2
The 16-headed hydra bites you but does no damage.
The 16-headed hydra bites you.
* * * LOW HITPOINT WARNING * * *
The 16-headed hydra bites you but does no damage. x2
The 16-headed hydra barely misses you. The 16-headed hydra bites you!
The Shining One protects you from harm! The 16-headed hydra bites you!
You die...

...... ##....#
.....# #....#
##..... #.....#
#P..DD# ##...@#
#.....# #.....#
#.....# #.....#
.... ##....# .....#
##....# .....####
#.....## ##....P#..
##.....###......#.#
##


You could see a 16-headed hydra and a steam dragon.

Vanquished Creatures
  A two-headed ogre (D:8)
  A skyshark (Lair:2)
  Amaemon (D:8)
  A cyclops (D:9)
  A black mamba (Lair:1)
  An elephant (Lair:2)
  2 cane toads
  A gargoyle (D:9)
  An orange demon (D:8)
  2 komodo dragons (Lair:2)
  2 rime drakes (Lair:1)
  A polar bear (Lair:1)
  A troll (D:9)
  A hornet (D:7)
  2 shadows (D:9)
  8 yaks
  3 wyverns (D:9)
  A basilisk (Lair:1)
  3 steam dragons
  Edmund (D:4)
  Menkaure (D:4)
  5 water moccasins
  5 orc warriors
  7 black bears
  3 ice beasts
  3 ogres
  A centaur (D:9)
  4 kobold brigands
  11 bullfrogs
  2 scorpions
  4 gnoll sergeants (D:9)
  3 killer bees (D:7)
  2 electric eels
  3 howler monkeys
  2 hounds
  A jelly (D:6)
  2 orc priests
  A sleepcap (D:8)
  4 iguanas
  13 orc wizards
  3 gnolls (D:9)
  11 adders
  A shadow imp (D:7)
  2 white imps
  An ufetubus (D:6)
  A worm (D:4)
  2 dart slugs (D:3)
  25 orcs
  6 endoplasms
  A giant cockroach (D:3)
  6 goblins
  5 hobgoblins
  7 jackals
  7 kobolds
  3 quokkas
  5 ball pythons
  6 bats
  3 frilled lizards
  7 rats
214 creatures vanquished.

Notes
Turn   | Place    | Note
-------+----------+-------------------------------------------
     0 | D:1      | GigaChad the Minotaur Fighter began the quest for the Orb.
     0 | D:1      | Reached XP level 1. HP: 19/19 MP: 0/0
   266 | D:1      | Reached XP level 2. HP: 27/27 MP: 1/1
   774 | D:2      | Reached XP level 3. HP: 32/33 MP: 2/2
   976 | D:2      | Reached skill level 3 in Axes
  1088 | D:2      | Reached XP level 4. HP: 40/40 MP: 3/3
  1249 | D:2      | Identified the +1 robe "Itisk" {Contam Harm Str+3 Slay+6}
  1645 | D:3      | Found a sparkling altar of Nemelex Xobeh.
  1650 | D:3      | Found a glowing silver altar of Zin.
  1653 | D:3      | Reached skill level 4 in Axes
  1653 | D:3      | Reached XP level 5. HP: 44/47 MP: 4/4
  1664 | D:3      | Found a glowing golden altar of the Shining One.
  1678 | D:3      | Became a worshipper of the Shining One
  2104 | D:3      | Found a faded altar of an unknown god.
  2188 | D:4      | Reached skill level 5 in Axes
  2347 | D:4      | Noticed Menkaure
  2355 | D:4      | Killed Menkaure
  2356 | D:4      | Reached skill level 5 in Armour
  2356 | D:4      | Reached XP level 6. HP: 14/55 MP: 5/5
  2555 | D:4      | Noticed Edmund
  2574 | D:4      | Killed Edmund
  2575 | D:4      | Reached skill level 5 in Fighting
  2575 | D:4      | Reached skill level 6 in Axes
  2575 | D:4      | Reached skill level 5 in Shields
  2619 | D:4      | Reached XP level 7. HP: 61/61 MP: 6/6
  3079 | D:5      | Entered Level 5 of the Dungeon
  3133 | D:5      | Found an opulent altar of Gozag.
  3744 | D:5      | Reached skill level 7 in Axes
  3933 | D:6      | Found Saugh's Book Shoppe.
  4011 | D:6      | Identified the +5 dagger of Zin {freeze, *Slow Str+3 Dex+3}
  4050 | D:6      | Reached XP level 8. HP: 70/70 MP: 7/7
  4053 | D:6      | Found a staircase to the Ecumenical Temple.
  4081 | Temple   | Entered the Ecumenical Temple
  4231 | D:6      | Reached * piety under the Shining One
  4237 | D:6      | Reached skill level 8 in Axes
  4497 | D:6      | Identified the +10 hand axe of Triumph {pain, Int+5}
  4724 | D:7      | Reached skill level 9 in Axes
  4760 | D:7      | Identified the +3 morningstar of the Ancients {speed, Fly}
  4817 | D:7      | Reached XP level 9. HP: 78/78 MP: 8/8
  4914 | D:7      | Reached skill level 10 in Axes
  5135 | D:7      | Found a sacrificial altar of Ru.
  5273 | D:7      | Found an ancient bone altar of Kikubaaqudgha.
  5300 | D:7      | Found a shimmering blue altar of Sif Muna.
  5320 | D:7      | Found a radiant altar of Vehumet.
  5417 | D:7      | Found a blossoming altar of Fedhas.
  5706 | D:8      | Noticed Amaemon
  5707 | D:8      | Noticed an orange demon
  5730 | D:8      | HP: 3/79 [sleepcap (7)]
  6067 | D:8      | Noticed a two-headed ogre
  6074 | D:8      | Killed a two-headed ogre
  6075 | D:8      | Reached skill level 11 in Axes
  6392 | D:8      | Killed Amaemon
  6393 | D:8      | Reached XP level 10. HP: 39/88 MP: 9/9
  6773 | D:8      | Killed an orange demon
  6774 | D:8      | Reached skill level 12 in Axes
  6774 | D:8      | Reached skill level 10 in Armour
  6974 | D:9      | Noticed a gargoyle
  6985 | D:9      | Killed a gargoyle
  7027 | D:9      | Reached ** piety under the Shining One
  7156 | D:9      | Found a staircase to the Orcish Mines.
  7586 | D:8      | Reached skill level 13 in Axes
  8326 | D:9      | Found a staircase to the Lair.
  8333 | D:9      | Reached XP level 11. HP: 95/97 MP: 10/10
  8362 | D:9      | Found Yfurak's Tiny Tomes.
  8564 | Lair:1   | Entered Level 1 of the Lair of Beasts
  8605 | Lair:1   | Reached skill level 14 in Axes
  9378 | Lair:2   | Noticed a skyshark
  9386 | Lair:2   | Reached skill level 10 in Fighting
  9392 | Lair:2   | Killed a skyshark
  9393 | Lair:2   | Reached skill level 15 in Axes
  9512 | Lair:2   | Noticed a five-headed hydra
  9512 | Lair:2   | Reached *** piety under the Shining One
  9527 | Lair:2   | HP: 3/100 [16-headed hydra (5)]
  9527 | Lair:2   | The Shining One protects you from harm!
  9527 | Lair:2   | Mangled by a 16-headed hydra

Illustrated notes

Levels and vault maps discovered:
D:1:      onia_arrival_handbag, layout_loops_ring
D:2:      layout_basic, minmay_octomino_j4
D:3:      layout_basic, minmay_overflow_temple_star_quad,
          hellmonk_ecumenical_altar_leap_of_faith
D:4:      layout_loops_corners, minmay_misc_feat_enclosed,
          guppyfry_early_lair_pool, uniq_menkaure, uniq_edmund
D:5:      layout_loops_corners, mainiacjoe_overflow_cross_hatched
D:6:      layout_loops_ring, minmay_temple_entry_gardened_gates, serial_shops,
          shop, chequers_serial_rivers_micro_d
D:7:      layout_basic, palyth_temple_overflow_mages,
          mainiacjoe_overflow_six_doors_small, mainiacjoe_overflow_alcove_1,
          chequers_avenue, minivault_10
D:8:      layout_basic, uniq_amaemon
D:9:      layout_cave_pools, due_lair_maze_entry_diamond,
          kennysheep_orc_monster_closet_entryway,
          nicolae_shop_i_like_small_books_too, lightli_minifort
Temple:   nicolae_temple_no_exploring_needed
Lair:1:   layout_loops_ring, gammafunk_lair_bear_cave, lemuel_fruit_tree
Lair:2:   nzn_winding_woodlands_stair_trap [nzn_winding_woodlands_5x15_garden,
          nzn_winding_woodlands_5x15_sawtooth,
          nzn_winding_woodlands_5x15_zeroes,
          nzn_winding_woodlands_15x15_five_gardens,
          nzn_winding_woodlands_5x15_sidewinder,
          nzn_winding_woodlands_5x15_default, nzn_winding_woodlands_5x15_pool],
          layout_long_grid, minmay_shoals_entry_hut, kennysheep_snail_temple

Skill      XL: |  1  2  3  4  5  6  7  8  9 10 11 |
---------------+----------------------------------+-----
Armour         | 4 5 6 8 9 11 | 11.7
Shields        | 4 5 6 7 8 |  8.6
Fighting       | 4 5 6 7 9 10 | 10.3
Axes           | 3 4 5 6 7 9 11 13 15 | 15.3

Action                     |  1- 3 |  4- 6 |  7- 9 | 10-12 || total
---------------------------+-------+-------+-------+-------++-------
  Melee: War axe           |   100 |    81 |   179 |   211 ||   571
         Headbutt          |    11 |     9 |    35 |    67 ||   122
    Use: Scroll            |       |     5 |    15 |     4 ||    24
         Potion            |       |     1 |       |     1 ||     2
 Armour: Scale mail        |    53 |       |       |       ||    53
         Crystal plate arm |    11 |    64 |   194 |   225 ||   494
  Dodge: Dodged            |    34 |    13 |    37 |    67 ||   151
  Block: Buckler           |    26 |    21 |    41 |    76 ||   164
